 Dungeon Crawl Stone Soup version 0.19-a0-1007-g133f65f (webtiles) character file.

242 nextgen the Skirmisher (level 5, -5/42 HPs)
             Began as a Demonspawn Fighter on July 19, 2016.
             Killed by divine providence
             ... invoked by an orc priest
              (16 damage)
             ... on level 4 of the Dungeon.
             The game lasted 00:05:00 (2635 turns).

nextgen the Skirmisher (Demonspawn Fighter)         Turns: 2635, Time: 00:05:01

Health: -5/42      AC: 16    Str: 17    XL:     5   Next: 81%
Magic:  5/5        EV:  8    Int: 10    God:
Gold:   192        SH:  9    Dex: 12    Spells: 0 memorised, 4 levels left

rFire  . . .     SeeInvis +     n - +0 trident (flame)
rCold  . . .     Gourm    .     b - +0 scale mail
rNeg   . . .     Faith    .     c - +0 shield
rPois  .         Spirit   .     (no helmet)
rElec  .         Dismiss  .     A - +2 cloak
rCorr  .         Reflect  .     (no gloves)
SustAt +         Harm     .     (no boots)
MR     .....                    (no amulet)
Stlth  ..........               (no ring)
                                w - ring of sustain attributes

@: sanguine armour, not resistant to hostile enchantments, extremely unstealthy
A: see invisible, demonic guardian 1, sanguine armour 1
a: no special abilities


You were on level 4 of the Dungeon.
You were very hungry.

You visited 1 branch of the dungeon, and saw 4 of its levels.

You collected 192 gold pieces.

Inventory:

Hand Weapons
 a - a +0 long sword
 n - a +0 trident of flaming (weapon)
Armour
 b - a +0 scale mail (worn)
 c - a +0 shield (worn)
 A - a +2 cloak (worn)
Jewellery
 e - an uncursed amulet of harm {unknown}
 w - a ring of sustain attributes (left hand)
Scrolls
 i - a scroll of enchant weapon {unknown}
 j - a scroll of fear
 k - 2 scrolls of teleportation {unknown}
 l - a scroll of noise {unknown}
 q - 2 scrolls of recharging
 t - a scroll of remove curse
 x - a scroll of fog {unknown}
 y - a scroll of immolation {unknown}
Potions
 d - 2 potions of might
 h - a potion of flight
 m - 2 potions of ambrosia
 s - a potion of curing
 z - a potion of resistance
Comestibles
 f - 2 bread rations
 g - a slice of pizza
 p - 6 fruits
 r - a beef jerky
 v - a meat ration


   Skills:
 + Level 3.9 Fighting
 - Level 2.0 Long Blades
 * Level 1.9 Polearms
 + Level 3.4 Armour
 + Level 1.7 Dodging
 + Level 3.8 Shields


You had 4 spell levels left.
You didn't know any spells.

Dungeon Overview and Level Annotations

Branches:
Dungeon (4/15)
 Temple: D:4-7

Altars:
Dithmenos
Hepliaklqana
Makhleb
Ru


Innate Abilities, Weirdness & Mutations

A weak demonic guardian rushes to your aid.
When seriously injured, your bleeding wounds create armour. (AC +6)
You have supernaturally acute eyesight. (SInv)


Message History

You are too injured to fight recklessly!
You are too injured to fight recklessly!
Unknown command.
You are too injured to fight recklessly!
Unknown command.
You are too injured to fight recklessly!
Press: ? - help, v - describe, . - travel The floor, spattered with blood.
Attack whom?
Press: ? - help, Dir - move target cursor, f/p - orc priest
Aim: an orc priest, wielding a hand axe (moderately wounded)
The orc is in the way.
You closely miss the orc.
The orc priest hits your crimson imp but does no damage.
The orc priest hits your crimson imp with a hand axe.
Your crimson imp dies!
The giant frog skeleton barely misses you.
The orc hits you but does no damage.
The orc priest calls down the wrath of Beogh upon you.
Beogh smites you!
You die...

#.>......
#........
#.....!.. ##
#........ .#
#....<... .#
#.oo...(. .#
#Zoo..... .#
##@# .# #####..#
## #.....##
######.#####
######......#
.......######
##......###
######
#.####...####
#.<..# ##.#
###<...####....#


You could see 2 orc priests, 2 orcs and a giant frog skeleton.

Vanquished Creatures
  The ghost of bohran the Digger, an amateur GrEE (D:3)
  An orc priest (D:3)
  Ijyb (D:3)
  3 gnolls (D:3)
  2 adders (D:2)
  2 worms (D:2)
  A giant gecko (D:4)
  2 orcs (D:3)
  2 giant cockroaches
  5 hobgoblins
  2 jackals (D:3)
  A quokka (D:4)
  11 bats
  5 giant newts
  6 goblins
  5 kobolds
  7 rats
57 creatures vanquished.

Vanquished Creatures (collateral kills)
  Terence (D:2)
  An orc (D:3)
2 creatures vanquished.

Grand Total: 59 creatures vanquished

Notes
Turn   | Place    | Note
-------+----------+-------------------------------------------
     0 | D:1      | nextgen the Demonspawn Fighter began the quest for the Orb.
     0 | D:1      | Reached XP level 1. HP: 18/18 MP: 1/1
   330 | D:1      | Gained mutation: A weak demonic guardian rushes to your aid. [demonic ancestry]
   330 | D:1      | Reached XP level 2. HP: 24/24 MP: 2/2
   639 | D:2      | Noticed Terence
   647 | D:2      | Killed Terence
   647 | D:2      | Reached XP level 3. HP: 29/29 MP: 3/3
   796 | D:2      | Reached skill level 1 in Dodging
   976 | D:2      | Found a burning altar of Makhleb.
   976 | D:2      | Found a shadowy altar of Dithmenos.
  1154 | D:2      | Reached XP level 4. HP: 31/35 MP: 4/4
  1281 | D:2      | Reached skill level 1 in Polearms
  1404 | D:3      | Noticed Ijyb
  1421 | D:3      | Killed Ijyb
  1842 | D:3      | Found a sacrificial altar of Ru.
  1892 | D:3      | Noticed bohran's ghost (amateur GrEE)
  1902 | D:3      | Killed bohran's ghost
  1902 | D:3      | Gained mutation: When seriously injured, your bleeding wounds create armour. (AC +6) [demonic ancestry]
  1902 | D:3      | Reached XP level 5. HP: 32/42 MP: 5/5
  2167 | D:3      | Found a hazy altar of Hepliaklqana.
  2564 | D:4      | Gained mutation: You have supernaturally acute eyesight. (SInv) [potion of beneficial mutation]
  2635 | D:4      | Killed from afar by an orc priest

Vault maps used:
D:1:      dpeg_arrival_oval
D:2:      gammafunk_temple_overflow_elements, lemuel_statue_altar, uniq_terence
D:3:      old_standard_altar, nicolae_ru_awakened_eye, serial_bayou,
          serial_bayou_shore_b, serial_bayou_shore_a, serial_bayou_crossing,
          serial_bayou_pond_e, minmay_crystal_room, uniq_iyjb

Skill      XL: |  1  2  3  4 |
---------------+-------------+-----
Shields        | 3 |  3.8
Long Blades    | 2 |  2.0
Dodging        | 1 |  1.7
Polearms       | 1 |  1.9
Armour         | 3 |  3.4
Fighting       | |  3.9

Action                   |  1- 3 |  4- 6 || total
-------------------------+-------+-------++-------
Melee: Long sword        |    99 |       ||    99
       Trident           |    51 |    95 ||   146
  Use: Scroll            |       |     8 ||     8
       Potion            |       |     1 ||     1
  Eat: Chunk             |     1 |     4 ||     5
Armor: Scale mail        |    70 |    31 ||   101
Dodge: Dodged            |    39 |    37 ||    76
Block: Shield            |    62 |    41 ||   103
